BSA
KANSAS CITY KINGS @ VISTA PANTHERS
03/17/2028
 
TOP OF THE 1ST
Kansas City Kings batting - Pitching for Vista Panthers : LHP William Watson
Pitching: LHP William Watson
Batting: RHB Chris Chandler 0-0: Ground out 6-3 (Groundball, 56)
Batting: SHB Douglas Taylor 0-0: Ball
1-0: Ball
2-0: Called Strike
2-1: Ball
3-1: Foul Ball, location: 2F
3-2: Foul Ball, location: 2F
3-2: Base on Balls
Batting: RHB Toshimichi Kono 0-0: Ball
1-0: Ball
2-0: Ball
3-0: Called Strike
3-1: Called Strike
3-2: Foul Ball, location: 2F
3-2: Ground out 5-3 (Groundball, 5)
Douglas Taylor to second
Batting: RHB Dave Parker 0-0: Ball
1-0: Fly out, F7 (Flyball, 78D)
Top of the 1st over - 0 run(s), 0 hit(s), 0 error(s), 1 left on base; Kansas City 0 - Vista 0
BOTTOM OF THE 1ST
Vista Panthers batting - Pitching for Kansas City Kings : RHP Ron Young
Pitching: RHP Ron Young
Batting: LHB Brent Alonzo 0-0: Ball
1-0: Fly out, F5 (Line Drive, 5)
Batting: RHB Alfredo Rivera 0-0: Ball
1-0: Called Strike
1-1: Ground out 5-3 (Groundball, 56)
Batting: LHB Dante Owens 0-0: Called Strike
0-1: Fly out, F8 (Flyball, 8LM)
Bottom of the 1st over - 0 run(s), 0 hit(s), 0 error(s), 0 left on base; Kansas City 0 - Vista 0
TOP OF THE 2ND
Kansas City Kings batting - Pitching for Vista Panthers : LHP William Watson
Batting: LHB Brian Boone 0-0: Called Strike
0-1: Ball
1-1: Ball
2-1: Foul Ball, location: 2F
2-2: Strikes out swinging
Batting: SHB António De La Cruz 0-0: Called Strike
0-1: Ball
1-1: Ball
2-1: Ball
3-1: Swinging Strike
3-2: SINGLE (Groundball, 6MD)
Batting: RHB Oliver Lugo 0-0: Fly out, F3 (Popup, 3S)
Batting: LHB Luis González 0-0: Ball
1-0: Ball
2-0: Called Strike
2-1: Ground out 6-3 (Groundball, 6MS)
Top of the 2nd over - 0 run(s), 1 hit(s), 0 error(s), 1 left on base; Kansas City 0 - Vista 0
BOTTOM OF THE 2ND
Vista Panthers batting - Pitching for Kansas City Kings : RHP Ron Young
Batting: SHB Mark Wells 0-0: Ball
1-0: Called Strike
1-1: Ball
2-1: Fly out, F7 (Flyball, 7LSF)
Batting: LHB Bob Cunningham 0-0: Ball
1-0: Ball
2-0: Called Strike
2-1: Swinging Strike
2-2: Foul Ball, location: 2F
2-2: Strikes out looking
Batting: RHB Salvador Salas 0-0: SINGLE (Flyball, 89S)
Batting: RHB Bonifacio Torres 0-0: Ball
1-0: Ball
2-0: Called Strike
2-1: Swinging Strike
2-2: Foul Ball, location: 2F
2-2: Fielders Choice at 2nd, 6-4 (Groundball, 6)
Bottom of the 2nd over - 0 run(s), 1 hit(s), 0 error(s), 0 left on base; Kansas City 0 - Vista 0
TOP OF THE 3RD
Kansas City Kings batting - Pitching for Vista Panthers : LHP William Watson
Batting: SHB José Cruz 0-0: Ball
1-0: Fly out, F9 (Flyball, 9LDF)
Batting: RHB Chris Chandler 0-0: Called Strike
0-1: Ground out 5-3 (Groundball, 56S)
Batting: SHB Douglas Taylor 0-0: Fly out, F8 (Flyball, 8RD)
Top of the 3rd over - 0 run(s), 0 hit(s), 0 error(s), 0 left on base; Kansas City 0 - Vista 0
BOTTOM OF THE 3RD
Vista Panthers batting - Pitching for Kansas City Kings : RHP Ron Young
Batting: RHB Justin Burgess 0-0: Called Strike
0-1: Swinging Strike
0-2: Foul Ball, location: 2F
0-2: Ball
1-2: Strikes out swinging
Batting: RHB Johnny Williams 0-0: DOUBLE (Line Drive, 7LM)
Batting: LHB Brent Alonzo 0-0: Ball
1-0: Swinging Strike
1-1: Foul Ball, location: 2F
1-2: Ball
2-2: Foul Ball, location: 2F
2-2: Strikes out swinging
Batting: RHB Alfredo Rivera 0-0: Foul Ball, location: 2F
0-1: 2-RUN HOME RUN (Flyball, 78XD), Distance : 428 ft
Batting: LHB Dante Owens 0-0: Called Strike
0-1: Ball
1-1: SINGLE (Flyball, 7LS) - OUT at second base trying to stretch hit.
Bottom of the 3rd over - 2 run(s), 3 hit(s), 0 error(s), 0 left on base; Kansas City 0 - Vista 2
TOP OF THE 4TH
Kansas City Kings batting - Pitching for Vista Panthers : LHP William Watson
Batting: RHB Toshimichi Kono 0-0: Ground out 6-3 (Groundball, 6)
Batting: RHB Dave Parker 0-0: SINGLE (Line Drive, 6MD)
Batting: LHB Brian Boone 0-0: Fly out, F8 (Flyball, 8RS)
Batting: SHB António De La Cruz 0-0: Fielders Choice at 2nd, 6-4 (Groundball, 6)
Top of the 4th over - 0 run(s), 1 hit(s), 0 error(s), 0 left on base; Kansas City 0 - Vista 2
BOTTOM OF THE 4TH
Vista Panthers batting - Pitching for Kansas City Kings : RHP Ron Young
Batting: SHB Mark Wells 0-0: Foul Ball, location: 2F
0-1: Ball
1-1: Foul Ball, location: 2F
1-2: Fly out, F7 (Flyball, 7D)
Batting: LHB Bob Cunningham 0-0: Called Strike
0-1: Ball
1-1: Ground out 3-1 (Groundball, 34)
Batting: RHB Salvador Salas 0-0: Ball
1-0: Ball
2-0: Ball
3-0: Called Strike
3-1: Base on Balls
Batting: RHB Bonifacio Torres 0-0: Called Strike
0-1: Foul Ball, location: 2F
0-2: Ball
1-2: Ball
2-2: Fly out, F9 (Flyball, 9LM)
Bottom of the 4th over - 0 run(s), 0 hit(s), 0 error(s), 1 left on base; Kansas City 0 - Vista 2
TOP OF THE 5TH
Kansas City Kings batting - Pitching for Vista Panthers : LHP William Watson
Pitching: RHP Scotty Johnson
Batting: RHB Oliver Lugo 0-0: DOUBLE (Line Drive, 78D)
Batting: LHB Luis González 0-0: Called Strike
0-1: Swinging Strike
0-2: Ball
1-2: Strikes out swinging
Batting: SHB José Cruz 0-0: Ball
1-0: Fly out, F7 (Flyball, 78XD)
Runner from 2nd tags up, SAFE at 3rd, no throw
Batting: RHB Chris Chandler 0-0: Called Strike
0-1: Ground out 6-3 (Groundball, 6)
Top of the 5th over - 0 run(s), 1 hit(s), 0 error(s), 1 left on base; Kansas City 0 - Vista 2
BOTTOM OF THE 5TH
Vista Panthers batting - Pitching for Kansas City Kings : RHP Ron Young
Pitching: LHP Rob Lucas
Batting: RHB Justin Burgess 0-0: Called Strike
0-1: Ball
1-1: Swinging Strike
1-2: Foul Ball, location: 2F
1-2: Foul Ball, location: 2F
1-2: Ball
2-2: Ball
3-2: SINGLE (Groundball, 56D)
Batting: RHB Johnny Williams 0-0: Ball
1-0: Foul Ball, location: 2F
1-1: Foul Ball, location: 2F
1-2: Ball
2-2: Ball
3-2: Fly out, F7 (Flyball, 7D)
Batting: LHB Brent Alonzo 0-0: Called Strike
0-1: Ball
1-1: Called Strike
1-2: 2-RUN HOME RUN (Flyball, 8LXD), Distance : 433 ft
Batting: RHB Alfredo Rivera 0-0: Swinging Strike
0-1: Ball
1-1: Ball
2-1: Called Strike
2-2: Strikes out swinging
Batting: LHB Dante Owens 0-0: Foul Ball, location: 2F
0-1: Swinging Strike
0-2: Fly out, F9 (Flyball, 9S)
Bottom of the 5th over - 2 run(s), 2 hit(s), 0 error(s), 0 left on base; Kansas City 0 - Vista 4
TOP OF THE 6TH
Kansas City Kings batting - Pitching for Vista Panthers : RHP Scotty Johnson
Batting: SHB Douglas Taylor 0-0: Called Strike
0-1: SINGLE (Flyball, 8RS)
Batting: RHB Toshimichi Kono 0-0: Ball
1-0: Foul Ball, location: 2F
1-1: Fly out, F8 (Flyball, 8LD)
Batting: RHB Dave Parker 0-0: Ball
1-0: Grounds into double play, 6-4-3 (Groundball, 6)
Top of the 6th over - 0 run(s), 1 hit(s), 0 error(s), 0 left on base; Kansas City 0 - Vista 4
BOTTOM OF THE 6TH
Vista Panthers batting - Pitching for Kansas City Kings : LHP Rob Lucas
Pitching: RHP Brian Hull
Batting: SHB Mark Wells 0-0: Ball
1-0: Foul Ball, location: 2F
1-1: Ball
2-1: Ground out 4-3 (Groundball, 4)
Batting: LHB Bob Cunningham 0-0: Foul Ball, location: 2F
0-1: Ground out 6-3 (Groundball, 6S)
Batting: RHB Salvador Salas 0-0: Ground out 1-3 (Groundball, 13)
Bottom of the 6th over - 0 run(s), 0 hit(s), 0 error(s), 0 left on base; Kansas City 0 - Vista 4
TOP OF THE 7TH
Kansas City Kings batting - Pitching for Vista Panthers : RHP Scotty Johnson
Now in LF: Phil Matthews
Batting: LHB Brian Boone 0-0: Fly out, F4 (Popup, 4D)
Batting: SHB António De La Cruz 0-0: Called Strike
0-1: Ball
1-1: Ball
2-1: Ball
3-1: Base on Balls
Batting: RHB Oliver Lugo 0-0: Ball
1-0: Grounds into double play, 6-4-3 (Groundball, 6)
Top of the 7th over - 0 run(s), 0 hit(s), 0 error(s), 0 left on base; Kansas City 0 - Vista 4
BOTTOM OF THE 7TH
Vista Panthers batting - Pitching for Kansas City Kings : RHP Brian Hull
Batting: RHB Bonifacio Torres 0-0: Swinging Strike
0-1: SINGLE (Groundball, 6MD)
Batting: RHB Justin Burgess 0-0: Bunted foul
0-1: Sac Bunt - play at first, batter OUT! 1-4
Bonifacio Torres to second
Batting: RHB Johnny Williams 0-0: Fly out, F4 (Popup, 4)
Pinch Hitting: RHB Alfredo López 0-0: SINGLE (Groundball, 6MD)
Bonifacio Torres to third
Runner from 3rd tries for Home, SAFE, no throw
Pinch Hitting: RHB Griswold Coleman 0-0: Ground out 4-3 (Groundball, 4)
Bottom of the 7th over - 1 run(s), 2 hit(s), 0 error(s), 1 left on base; Kansas City 0 - Vista 5
TOP OF THE 8TH
Kansas City Kings batting - Pitching for Vista Panthers : RHP Scotty Johnson
Pitching: RHP David Simpson
Now at 2B: Griswold Coleman
Now in LF: Alfredo López
Batting: LHB Luis González 0-0: Called Strike
0-1: Ball
1-1: Reached on error, E4 (Groundball, 4)
Batting: SHB José Cruz 0-0: Called Strike
0-1: Ball
1-1: Grounds into double play, 4-6-3 (Groundball, 4)
Pinch Hitting: LHB Stan Hickman 0-0: Called Strike
0-1: Foul Ball, location: 2F
0-2: Ball
1-2: Foul Ball, location: 2F
1-2: Foul Ball, location: 2F
1-2: Ball
2-2: Strikes out looking
Top of the 8th over - 0 run(s), 0 hit(s), 1 error(s), 0 left on base; Kansas City 0 - Vista 5
BOTTOM OF THE 8TH
Vista Panthers batting - Pitching for Kansas City Kings : RHP Brian Hull
Now at 2B: Álex Hernández
Batting: RHB Phil Matthews 0-0: SINGLE (Line Drive, 78M)
Batting: LHB Francisco Marino 0-0: Foul Ball, location: 2F
0-1: Ball
1-1: Fly out, F8 (Line Drive, 8RM)
Pinch Hitting: LHB Francisco Medina 0-0: Called Strike
0-1: Ball
1-1: Ball
2-1: Ball
3-1: Called Strike
3-2: Foul Ball, location: 2F
3-2: Foul Ball, location: 2F
3-2: Base on Balls
Phil Matthews to second
Pinch Hitting: LHB Ramiro Martínez 0-0: Ball
1-0: Swinging Strike
1-1: Foul Ball, location: 2F
1-2: Ball
2-2: Strikes out swinging
Batting: RHB Bonifacio Torres 0-0: Called Strike
0-1: Fielders Choice at 2nd, 4-6 (Groundball, 34)
Bottom of the 8th over - 0 run(s), 1 hit(s), 0 error(s), 1 left on base; Kansas City 0 - Vista 5
TOP OF THE 9TH
Kansas City Kings batting - Pitching for Vista Panthers : RHP David Simpson
Now at SS: Francisco Medina
Now in CF: Ramiro Martínez
Pinch Hitting: RHB Eric Fuller 0-0: Ball
1-0: Fly out, F4 (Popup, 4D)
Batting: LHB Howard Lambert 0-0: Called Strike
0-1: Foul Ball, location: 2F
0-2: Ball
1-2: Foul Ball, location: 2F
1-2: Ground out U3 (Groundball, 3L)
Pinch Hitting: LHB Ron Crawford 0-0: Ground out 6-3 (Groundball, 6)
Top of the 9th over - 0 run(s), 0 hit(s), 0 error(s), 0 left on base; Kansas City 0 - Vista 5
Tuesday, August 8th, 2017 - OOTP Baseball 17.12 Build 75